PBL
SEATTLE MARINERS @ HOUSTON ASTROS
05/01/2071
 
TOP OF THE 1ST
Seattle Mariners batting - Pitching for Houston Astros : RHP Ricardo Valdéz
Pitching: RHP Ricardo Valdéz
Batting: LHB Rob Altobelli 0-0: Ball
1-0: SINGLE (Line Drive, 34D, EV 66.3 MPH)
Batting: RHB Ralph Irwin 0-0: Bunt - Flyout to 23! F3
Batting: SHB Nathan Martin 0-0: Called Strike
0-1: Fielders Choice at 2nd, 4-6 (Groundball, 4, EV 80.0 MPH)
Batting: LHB Grady Arredondo 0-0: Ball
1-0: Ball
Pickoff Throw to First - Error! E1
Nathan Martin to second
2-0: Called Strike
2-1: Foul Ball, location: 2F
2-2: Ball
3-2: Foul Ball, location: 3F
3-2: Foul Ball, location: 2F
3-2: Ground out 4-3 (Groundball, 4D, EV 96.9 MPH)
Top of the 1st over - 0 runs, 1 hit, 1 error, 1 left on base; Seattle 0 - Houston 0
BOTTOM OF THE 1ST
Houston Astros batting - Pitching for Seattle Mariners : LHP Chris Smith
Pitching: LHP Chris Smith
Batting: RHB Sukenobu Taneda 0-0: Called Strike
0-1: Ball
1-1: Ground out 5-3 (Groundball, 5, EV 108.8 MPH)
Batting: RHB Roberto Beltrán 0-0: Called Strike
0-1: Ball
1-1: DOUBLE (Line Drive, 89M, EV 93.1 MPH)
Batting: RHB Jin Daikawa 0-0: Called Strike
0-1: Foul Ball, location: 25F
0-2: Foul Ball, location: 3FF
0-2: Ball
1-2: Foul Ball, location: 5F
1-2: Ball
2-2: Ball
3-2: 2-RUN HOME RUN (Flyball, 9D, EV 104.4 MPH), Distance : 400 ft
Batting: LHB Trevor Burt 0-0: Called Strike
0-1: Ball
1-1: Ground out 1-3 (Groundball, 34S, EV 70.6 MPH)
Batting: RHB Mike Hall 0-0: Ball
1-0: Ball
2-0: Ball
3-0: Called Strike
3-1: Base on Balls
Batting: RHB Arturo Becerra 0-0: Ball
1-0: Foul Ball, location: 9LDF
1-1: Ball
2-1: Ball
3-1: Base on Balls
Mike Hall to second
Batting: RHB Dan McCray 0-0: Called Strike
0-1: Ball
1-1: Ball
2-1: Ground out U3 (Groundball, 3, EV 81.3 MPH)
Bottom of the 1st over - 2 runs, 2 hits, 0 errors, 2 left on base; Seattle 0 - Houston 2
TOP OF THE 2ND
Seattle Mariners batting - Pitching for Houston Astros : RHP Ricardo Valdéz
Batting: SHB Pete Williams 0-0: Ball
1-0: Foul Ball, location: 5SF
1-1: Foul Ball, location: 2F
1-2: Strikes out swinging
Batting: RHB Ronald McDonald 0-0: Ball
1-0: Ground out 2-3 (Groundball, 15S, EV 85.0 MPH)
Batting: RHB Mark Taylor 0-0: Swinging Strike
0-1: Called Strike
0-2: Reached via error on a dropped throw from 3B, E3 (Groundball, 56S, EV 66.9 MPH)
Batting: LHB Adam O'Kearin 0-0: Called Strike
0-1: Ball
1-1: Foul Ball, location: 5FF
1-2: Foul Ball, location: 5FF
1-2: Strikes out swinging
Top of the 2nd over - 0 runs, 0 hits, 1 error, 1 left on base; Seattle 0 - Houston 2
BOTTOM OF THE 2ND
Houston Astros batting - Pitching for Seattle Mariners : LHP Chris Smith
Batting: RHB Chris Martínez 0-0: Foul Ball, location: 7LSFF
0-1: Swinging Strike
0-2: Ball
1-2: Ball
2-2: Ball
3-2: Base on Balls
Batting: LHB Cal Dascenzo 0-0: Foul Ball, location: 2F
0-1: 2-RUN HOME RUN (Flyball, 7LD, EV 90.6 MPH), Distance : 342 ft
Batting: RHB Sukenobu Taneda 0-0: Called Strike
0-1: Foul Ball, location: 2F
0-2: Ball
1-2: Ground out 5-3 (Groundball, 56, EV 90.0 MPH)
Batting: RHB Roberto Beltrán 0-0: Called Strike
0-1: Called Strike
0-2: Strikes out swinging
Batting: RHB Jin Daikawa 0-0: Called Strike
0-1: Ball
1-1: Foul Ball, location: 2F
1-2: SOLO HOME RUN (Flyball, 78XD, EV 110.6 MPH), Distance : 435 ft
Batting: LHB Trevor Burt 0-0: Called Strike
0-1: Ball
1-1: Ball
2-1: Ground out 4-3 (Groundball, 4S, EV 80.0 MPH)
Bottom of the 2nd over - 3 runs, 2 hits, 0 errors, 0 left on base; Seattle 0 - Houston 5
TOP OF THE 3RD
Seattle Mariners batting - Pitching for Houston Astros : RHP Ricardo Valdéz
Batting: RHB Raúl Contreras 0-0: SINGLE (Groundball, P, EV 90.6 MPH) (infield hit)
Batting: LHB Rob Altobelli 0-0: Ball
1-0: Ball
2-0: Fly out, F9 (Flyball, 9LM, EV 88.8 MPH)
Batting: RHB Ralph Irwin 0-0: Ball
1-0: Called Strike
1-1: Grounds into double play, 6-4-3 (Groundball, 6, EV 91.9 MPH)
Top of the 3rd over - 0 runs, 1 hit, 0 errors, 0 left on base; Seattle 0 - Houston 5
BOTTOM OF THE 3RD
Houston Astros batting - Pitching for Seattle Mariners : LHP Chris Smith
Pitching: RHP Pepe Rivas
Batting: RHB Mike Hall 0-0: Ball
1-0: Called Strike
1-1: Fly out, F4 (Line Drive, 4, EV 66.9 MPH)
Batting: RHB Arturo Becerra 0-0: Called Strike
0-1: Ball
1-1: Swinging Strike
1-2: Strikes out swinging
Batting: RHB Dan McCray 0-0: Called Strike
0-1: Ball
1-1: Fly out, F8 (Line Drive, 89M, EV 108.8 MPH)
Bottom of the 3rd over - 0 runs, 0 hits, 0 errors, 0 left on base; Seattle 0 - Houston 5
TOP OF THE 4TH
Seattle Mariners batting - Pitching for Houston Astros : RHP Ricardo Valdéz
Batting: SHB Nathan Martin 0-0: Ball
1-0: Hit by Pitch
Batting: LHB Grady Arredondo 0-0: Called Strike
0-1: Foul Ball, location: 9LDF
0-2: Ball
1-2: Ball
2-2: Reached on error, E4 (Groundball, 4, EV 85.0 MPH)
Nathan Martin to second
Batting: SHB Pete Williams 0-0: Called Strike
0-1: Ball
1-1: Called Strike
1-2: Ball
2-2: Grounds into double play, 3-6-3 (Groundball, 34S, EV 88.1 MPH)
Nathan Martin to third
Batting: RHB Ronald McDonald 0-0: Ball
1-0: Called Strike
1-1: SINGLE (Line Drive, 9S, EV 96.9 MPH)
Nathan Martin scores
Batting: RHB Mark Taylor 0-0: Ball
1-0: Called Strike
1-1: Ball
2-1: Foul Ball, location: 7LMF
2-2: Foul Ball, location: 2F
2-2: Ball
3-2: Base on Balls
Ronald McDonald to second
Batting: LHB Adam O'Kearin 0-0: Ball
1-0: Ball
2-0: Called Strike
2-1: Ball
3-1: Foul Ball, location: 23F
3-2: Base on Balls
Ronald McDonald to third
Mark Taylor to second
Batting: RHB Raúl Contreras 0-0: Ball
1-0: SINGLE (Line Drive, 56D, EV 100.0 MPH)
Ronald McDonald scores
Mark Taylor to third
Adam O'Kearin to second
Runner from 3rd tries for Home, SAFE, throw by LF to home
Batting: LHB Rob Altobelli 0-0: Ball
1-0: Called Strike
1-1: Called Strike
1-2: Ball
2-2: Foul Ball, location: 7LMF
2-2: Fly out, F8 (Line Drive, 8LD, EV 96.3 MPH)
Top of the 4th over - 3 runs, 2 hits, 1 error, 2 left on base; Seattle 3 - Houston 5
BOTTOM OF THE 4TH
Houston Astros batting - Pitching for Seattle Mariners : RHP Pepe Rivas
Batting: RHB Chris Martínez 0-0: Ground out 5-3 (Groundball, 56S, EV 72.5 MPH)
Batting: LHB Cal Dascenzo 0-0: Ball
1-0: Swinging Strike
1-1: Foul Ball, location: 7LDF
1-2: Ball
2-2: Strikes out swinging
Batting: RHB Sukenobu Taneda 0-0: Swinging Strike
0-1: Ball
1-1: Ball
2-1: SINGLE (Groundball, 56, EV 100.0 MPH) (infield hit)
Batting: RHB Roberto Beltrán 0-0: Ball
1-0: Called Strike
1-1: Ball
2-1: Ground out 4-3 (Groundball, 4D, EV 101.3 MPH)
Bottom of the 4th over - 0 runs, 1 hit, 0 errors, 1 left on base; Seattle 3 - Houston 5
TOP OF THE 5TH
Seattle Mariners batting - Pitching for Houston Astros : RHP Ricardo Valdéz
Batting: RHB Ralph Irwin 0-0: Called Strike
0-1: Foul Ball, location: 9LDF
0-2: SINGLE (Groundball, 5S, EV 63.1 MPH) (infield hit)
Batting: SHB Nathan Martin 0-0: Ball
1-0: Ball
2-0: Foul Ball, location: 2F
2-1: Foul Ball, location: 2RF
2-2: Fielders Choice at 2nd, 3-6 (Groundball, 3, EV 82.5 MPH)
Batting: LHB Grady Arredondo 0-0: Ball
1-0: Called Strike
1-1: Ball
2-1: SINGLE (Line Drive, 78S, EV 91.9 MPH)
Nathan Martin to second
Batting: SHB Pete Williams 0-0: Called Strike
0-1: Foul Ball, location: 7LDF
0-2: Strikes out looking and he ARGUES THE CALL AND IS TOSSED!
Batting: RHB Ronald McDonald 0-0: Ball
1-0: Ground out 5-3 (Groundball, 56S, EV 78.8 MPH)
Top of the 5th over - 0 runs, 2 hits, 0 errors, 2 left on base; Seattle 3 - Houston 5
BOTTOM OF THE 5TH
Houston Astros batting - Pitching for Seattle Mariners : RHP Pepe Rivas
Now at 3B: Nathan Martin
Now at SS: Aaron Trebel
Batting: RHB Jin Daikawa 0-0: Ball
1-0: Called Strike
1-1: Swinging Strike
1-2: Ball
2-2: Foul Ball, location: 3F
2-2: Ball
3-2: Fly out, F9 (Line Drive, 9D, EV 85.6 MPH)
Batting: LHB Trevor Burt 0-0: Called Strike
0-1: Ball
1-1: Swinging Strike
1-2: Strikes out swinging
Batting: RHB Mike Hall 0-0: Foul Ball, location: 9LMF
0-1: Ball
1-1: Foul Ball, location: 2F
1-2: Foul Ball, location: 2F
1-2: Foul Ball, location: 2F
1-2: SINGLE (Groundball, 6MD, EV 101.9 MPH)
Batting: RHB Arturo Becerra 0-0: Ball
1-0: Ball
2-0: Foul Ball, location: 2F
2-1: Fielders Choice at 2nd, 6-4 (Groundball, 6, EV 90.0 MPH)
Bottom of the 5th over - 0 runs, 1 hit, 0 errors, 1 left on base; Seattle 3 - Houston 5
TOP OF THE 6TH
Seattle Mariners batting - Pitching for Houston Astros : RHP Ricardo Valdéz
Batting: RHB Mark Taylor 0-0: Foul Ball, location: 25F
0-1: Foul Ball, location: 2F
0-2: Fly out, F7 (Flyball, 78M, EV 97.5 MPH)
Batting: LHB Adam O'Kearin 0-0: Hit by Pitch
Pitching: RHP Shun Ine
Batting: RHB Raúl Contreras 0-0: Ball
1-0: Ball
2-0: Foul Ball, location: 2F
2-1: Swinging Strike
2-2: Ball
3-2: Base on Balls
Adam O'Kearin to second
Batting: LHB Rob Altobelli 0-0: Swinging Strike
0-1: Foul Ball, location: 5F
0-2: Ball
1-2: Strikes out looking
Batting: RHB Ralph Irwin 0-0: DOUBLE (Flyball, 78D, EV 88.1 MPH)
Adam O'Kearin scores
Raúl Contreras to third
Batting: SHB Nathan Martin 0-0: Ball
1-0: Called Strike
1-1: Fly out, F8 (Flyball, 8LD, EV 93.1 MPH)
Top of the 6th over - 1 run, 1 hit, 0 errors, 2 left on base; Seattle 4 - Houston 5
BOTTOM OF THE 6TH
Houston Astros batting - Pitching for Seattle Mariners : RHP Pepe Rivas
Batting: RHB Dan McCray 0-0: Ball
1-0: Ball
2-0: Called Strike
2-1: Ball
3-1: Fly out, F7 (Flyball, 78S, EV 86.9 MPH)
Pitching: LHP Ed Fowler
Batting: RHB Chris Martínez 0-0: Ball
1-0: Ball
2-0: Ball
3-0: Called Strike
3-1: Fly out, F8 (Flyball, 8RD, EV 86.9 MPH)
Batting: LHB Cal Dascenzo 0-0: Ball
1-0: Foul Ball, location: 7LMF
1-1: Ball
2-1: SINGLE (Line Drive, 9S, EV 98.8 MPH)
Batting: RHB Sukenobu Taneda 0-0: Ball
1-0: Called Strike
1-1: Ball
2-1: Foul Ball, location: 3F
2-2: Ball
3-2: Strikes out swinging
Bottom of the 6th over - 0 runs, 1 hit, 0 errors, 1 left on base; Seattle 4 - Houston 5
TOP OF THE 7TH
Seattle Mariners batting - Pitching for Houston Astros : RHP Shun Ine
Batting: LHB Grady Arredondo 0-0: Called Strike
0-1: Foul Ball, location: 2F
0-2: Ball
1-2: Foul Ball, location: 3SF
1-2: Ground out U3 (Groundball, 3L, EV 88.8 MPH)
Batting: SHB Aaron Trebel 0-0: Called Strike
0-1: Ball
1-1: Ground out 4-3 (Groundball, 4M, EV 103.1 MPH)
Batting: RHB Ronald McDonald 0-0: Swinging Strike
0-1: Called Strike
0-2: Foul Ball, location: 9LSF
0-2: Ball
1-2: Strikes out swinging
Top of the 7th over - 0 runs, 0 hits, 0 errors, 0 left on base; Seattle 4 - Houston 5
BOTTOM OF THE 7TH
Houston Astros batting - Pitching for Seattle Mariners : LHP Ed Fowler
Batting: RHB Roberto Beltrán 0-0: Ball
1-0: Called Strike
1-1: Swinging Strike
1-2: Ball
2-2: Ground out 6-3 (Groundball, 6, EV 81.3 MPH)
Batting: RHB Jin Daikawa 0-0: Ball
1-0: Ball
2-0: Called Strike
2-1: Ball
3-1: Base on Balls
Batting: LHB Trevor Burt 0-0: Ball
1-0: Swinging Strike
1-1: Fielders Choice at 2nd, 3-6 (Groundball, 34D, EV 104.4 MPH)
Batting: RHB Mike Hall 0-0: Called Strike
0-1: Ball
1-1: Foul Ball, location: 2F
1-2: Strikes out swinging
Bottom of the 7th over - 0 runs, 0 hits, 0 errors, 1 left on base; Seattle 4 - Houston 5
TOP OF THE 8TH
Seattle Mariners batting - Pitching for Houston Astros : RHP Shun Ine
Pitching: RHP Emílio Chávez
Now in CF: Tony Barrosa
Now in RF: Roberto Beltrán
Batting: RHB Mark Taylor 0-0: Swinging Strike
0-1: Ball
1-1: Swinging Strike
1-2: Ball
2-2: Hit by Pitch
Batting: LHB Adam O'Kearin 0-0: Ball
1-0: Ball
2-0: Fly out, F8 (Line Drive, 8LD, EV 96.3 MPH)
Batting: RHB Raúl Contreras 0-0: Ball
1-0: Called Strike
1-1: Sac Bunt to 23 - play at first, batter OUT! 3-4
Mark Taylor to second
Batting: LHB Rob Altobelli 0-0: Ball
1-0: Swinging Strike
1-1: Ball
2-1: Swinging Strike
2-2: Ball
3-2: Strikes out swinging
Top of the 8th over - 0 runs, 0 hits, 0 errors, 1 left on base; Seattle 4 - Houston 5
BOTTOM OF THE 8TH
Houston Astros batting - Pitching for Seattle Mariners : LHP Ed Fowler
Pitching: RHP Jorge Bernard
Batting: RHB Arturo Becerra 0-0: Foul Ball, location: 7LSF
0-1: Ball
1-1: Ball
2-1: Ball
3-1: Foul Ball, location: 25FF
3-2: Fly out, F9 (Flyball, 9LS, EV 75.6 MPH)
Batting: RHB Dan McCray 0-0: Swinging Strike
0-1: Ball
1-1: Swinging Strike
1-2: Ground out 5-3 (Groundball, 56, EV 85.6 MPH)
Batting: RHB Chris Martínez 0-0: Called Strike
0-1: Ball
1-1: Foul Ball, location: 3SF
1-2: SINGLE (Line Drive, 7S, EV 110.6 MPH)
Batting: LHB Cal Dascenzo 0-0: Foul Ball, location: 7LSFF
0-1: Ball
1-1: SINGLE (Line Drive, 7S, EV 86.3 MPH)
Chris Martínez to second
Batting: RHB Sukenobu Taneda 0-0: Foul Ball, location: 5F
0-1: Ball
Passed Ball!
Chris Martínez to third
Cal Dascenzo to second
1-1: DOUBLE (Line Drive, 7LS, EV 103.1 MPH)
Chris Martínez scores
Cal Dascenzo scores
Batting: RHB Roberto Beltrán 0-0: DOUBLE (Flyball, 8LD, EV 95.0 MPH)
Sukenobu Taneda scores
Pitching: LHP Juan Castellanos
Batting: RHB Jin Daikawa 0-0: Ball
1-0: Swinging Strike
1-1: Called Strike
1-2: Strikes out swinging
Bottom of the 8th over - 3 runs, 4 hits, 0 errors, 1 left on base; Seattle 4 - Houston 8
TOP OF THE 9TH
Seattle Mariners batting - Pitching for Houston Astros : RHP Emílio Chávez
Pitching: LHP Manuel Ibáñez
Batting: RHB Ralph Irwin 0-0: Called Strike
0-1: Ball
1-1: Ground out 4-3 (Groundball, 4M, EV 83.8 MPH)
Batting: SHB Nathan Martin 0-0: Ball
1-0: SINGLE (Line Drive, 7S, EV 102.5 MPH)
Batting: LHB Grady Arredondo 0-0: SINGLE (Line Drive, 7S, EV 85.6 MPH)
Nathan Martin to second
Batting: SHB Aaron Trebel 0-0: Ball
1-0: Ball
2-0: Fly out, F9 (Line Drive, 89S, EV 87.5 MPH)
Batting: RHB Ronald McDonald 0-0: Foul Ball, location: 2F
0-1: Foul Ball, location: 2F
0-2: Fielders Choice at 2nd, 5-4 (Groundball, 56, EV 85.0 MPH)
Top of the 9th over - 0 runs, 2 hits, 0 errors, 2 left on base; Seattle 4 - Houston 8
Thursday, April 11th , 2024 - OOTP Baseball 24.10 Build 82